 Dungeon Crawl Stone Soup version 0.24-a0-618-ge4662a2 (webtiles) character file.

Game seed: 12636918961455836105, levelgen mode: deterministic

37 Kurtz the Chopper (level 3, 0/29 HPs)
             Began as a Mummy Chaos Knight on Sept 15, 2019.
             Was a Plaything of Xom.
             Shot with an arrow by a centaur (7 damage)
             ... on level 2 of the Dungeon.
             The game lasted 00:01:14 (2206 turns).

Kurtz the Chopper (Mummy Chaos Knight)              Turns: 2206, Time: 00:01:15

Health: 0/29       AC:  8    Str: 16    XL:     3   Next: 23%
Magic:  3/3        EV:  6    Int: 11    God:    Xom [..*...]
Gold:   66         SH:  0    Dex: 11    Spells: 2/2 levels left

rFire    x . .     SeeInvis .   a - +0 hand axe (chaos)
rCold    + . .     Gourm    .   (no shield)
rNeg     + + +     Faith    .   d - +0 chain mail
rPois    ∞         Spirit   .   (no helmet)
rElec    .         Reflect  .   (no cloak)
rCorr    .         Harm     .   (no gloves)
MR       .....                  (no boots)
Stlth    ..........             (no amulet)
HPRegen  0.09/turn              (no ring)
MPRegen  0.08/turn              (no ring)

@: no status effects
A: no food or potions, fire vulnerability, cold resistance 1, negative energy
resistance 3, torment resistance, unbreathing
a: Renounce Religion


You were on level 2 of the Dungeon.
You worshipped Xom.
You were a toy of Xom.
You were not hungry.

You visited 1 branch of the dungeon, and saw 2 of its levels.

You collected 66 gold pieces.

Inventory:

Hand Weapons
 a - a +0 hand axe of chaos (weapon)
Missiles
 g - 32 poisoned darts (quivered)
Armour
 b - a +2 leather armour
 d - a +0 chain mail (worn)
Scrolls
 c - 3 scrolls of identify {unknown}
 e - a scroll of teleportation {unknown}
 f - a scroll of noise {unknown}
 h - 2 scrolls of remove curse {unknown}
 i - 3 scrolls of random uselessness {unknown}
 j - 2 scrolls of fog {unknown}


   Skills:
 - Level 3.0 Fighting
 * Level 3.6 Axes
 - Level 1.5 Armour
 - Level 0.7 Dodging


You had 2 spell levels left.
You didn't know any spells.
Your spell library was empty.

Dungeon Overview and Level Annotations

Branches:
Dungeon (2/15)

Altars:
Trog


Innate Abilities, Weirdness & Mutations

You do not eat or drink.
Your flesh is vulnerable to fire.
You are immune to poison.
Your flesh is cold resistant. (rC+)
You are immune to negative energy. (rN+++)
You are immune to unholy pain and torment.
You can survive without breathing.


Message History

There is a stone staircase leading down here.
You miss something. Something bites you but does no damage.
You closely miss something. Something bites you but does no damage.
You hit something. You burn something.
Reactivating autopickup.
You feel a bit more experienced.
There is a stone staircase leading down here.
You start resting.
Xom grants you insight.
You detect nothing.
You start resting.
HP restored.
You climb downwards.
The centaur shoots an arrow.
The arrow hits you!
The centaur shoots an arrow.
The arrow hits you!
* * * LOW HITPOINT WARNING * * *
There is a stone staircase leading up here.
You see here 8 arrows.
The centaur shoots an arrow.
The arrow hits you!
You die...
Xom howls with laughter!

#.# ###.####
......#
......####.
.........?
#........
####.....#
#.[......#
#.#(.@#..#
##.#(#(..?....
#....#(._?#...
##c#.#(...#
#########.#.#.#..#
#.!.......#..)...#
#.#....c..#####..<
#....#......# ...#
#..###....#.###.


You could see a centaur.

Vanquished Creatures
  An adder (D:1)
  A worm (D:2)
  A ball python (D:2)
  3 hobgoblins
  3 kobolds
  A quokka (D:1)
  2 bats (D:2)
  4 frilled lizards (D:1)
  5 goblins (D:1)
  5 rats (D:1)
26 creatures vanquished.

Vanquished Creatures (others)
  A kobold (D:2)
1 creature vanquished.

Grand Total: 27 creatures vanquished

Notes
Turn   | Place    | Note
-------+----------+-------------------------------------------
     0 | D:1      | Kurtz the Mummy Chaos Knight began the quest for the Orb.
     0 | D:1      | Reached XP level 1. HP: 18/18 MP: 1/1
   118 | D:1      | Reached XP level 2. HP: 17/24 MP: 2/2
   155 | D:2      | Found a bloodstained altar of Trog.
   155 | D:2      | Noticed a centaur
   157 | D:2      | XOM: butterfly on damage
   551 | D:1      | XOM: mild Fire miscast
   640 | D:1      | XOM: divination: detect creatures
   954 | D:2      | XOM: silly message
  1228 | D:2      | XOM: butterfly on damage
  1243 | D:1      | XOM: medium Erth miscast
  1480 | D:1      | XOM: mild Chrm miscast
  1691 | D:2      | Reached XP level 3. HP: 29/29 MP: 3/3
  1733 | D:2      | XOM is BORED!
  1733 | D:2      | XOM: medium Ice miscast
  2169 | D:1      | XOM: divination: detect items
  2206 | D:2      | Shot with an arrow by a centaur

Levels and vault maps discovered:
D:1:      psy_arrival_spokes, layout_loops_ring, minmay_misc_feat_x
D:2:      layout_basic, bloody_trog, minmay_pentomino_z2

Skill      XL: |  1 |
---------------+----+-----
Axes           | 3 |  3.6
Fighting       | |  3.0
Armour         | |  1.5
Dodging        | |  0.7

Action                   || total
-------------------------++-------
Melee: Hand axe          ||    83
 Stab: Paralysed         ||     2
Armor: Chain mail        ||    58
Dodge: Dodged            ||    33

Table legend:
 A = Non-vault XP
 B = Vault XP
 C = Vault XP percentage of total XP
 D = Non-vault monster count
 E = Vault monster count
 F = Vault count percentage of total count
                 A         B        C        D         E       F
            +---------+---------+-------+---------+---------+-------
      Total |      51 |       3 |   5.6 |      24 |       2 |   7.7
            +---------+---------+-------+---------+---------+-------
        D:1 |      41 |       0 |   0.0 |      20 |       0 |   0.0
        D:2 |      10 |       3 |  23.1 |       4 |       2 |  33.3
            +---------+---------+-------+---------+---------+-------
